[Event "December 5 Early 2023"]
[Site "https://www.chess.com"]
[Date "2023.12.05"]
[Round "4"]
[White "Yuan, Qingyu"]
[Black "Xiong, Jeffery"]
[Result "1-0"]
[Board "25"]
[TimeControl "180+1"]
[WhiteFideId "8609772"]
[BlackFideId "2047640"]
[WhiteElo "2790"]
[BlackElo "3011"]
[WhiteTeam "CHN"]
[BlackTeam "USA"]
[WhiteClock "0:00:03"]
[BlackClock "0:00:00"]

1. e4 c5 2. Nf3 d6 3. Bb5+ Nc6 4. O-O Bd7 5. Re1 Nf6 6. c3 a6 7. Bf1 Bg4 8. h3 Bxf3 9. Qxf3 e6 10. d3 Be7 11. Be3 O-O 12. Nd2 d5 13. Qg3 d4 14. Bh6 Ne8 15. Nf3 b5 16. a4 dxc3 17. bxc3 b4 18. Bd2 a5 19. Rad1 Qb6 20. Rb1 Rd8 21. Be3 Qc7 22. Bf4 Qd7 23. d4 bxc3 24. Bb5 Qc8 25. d5 Nd4 26. Rbc1 Nxb5 27. axb5 exd5 28. exd5 Bf6 29. d6 Qb7 30. Ne5 Nxd6 31. Rxc3 Nxb5 32. Rxc5 Rd5 33. Qf3 Rfd8 34. Nc6 Rxc5 35. Nxd8 Qd7 36. Qe3 g5 37. Qxc5 gxf4 38. Nc6 Nd4 39. Nxd4 Qxd4 40. Qxa5 Kg7 41. Qf5 Qd2 42. Qg4+ Kf8 43. Qc8+ Kg7 44. Qg4+ Kf8 45. Qe2 Qd6 46. Rd1 Qc5 47. Qf3 Be5 48. Kh2 Kg7 49. Rd5 Qe7 50. Qg4+ Kf8 51. Qf3 Kg7 52. Qe4 f6 53. Qf3 Qf7 54. Qg4+ Kf8 55. Rd7 Qg6 56. Qxg6 hxg6 57. Kg1 g5 58. Kf1 Ke8 59. Rh7 Kf8 60. Ke2 Kg8 61. Rd7 Kf8 62. Kf3 Ke8 63. Rh7 f5 64. Ke2 Kf8 65. Kd3 Kg8 66. Rd7 Bg7 67. Kc4 Kh7 68. Kd5 Kg6 69. Ke6 g4 70. f3 gxf3 71. gxf3 Bc3 72. Rf7 Kg5 73. Rh7 Be1 74. Kf7 Bf2 75. Ke6 Be1 76. Rh8 Bf2 77. Rf8 Kh4 78. Rxf5 Be3 79. Ke5 Kxh3 80. Rxf4 Kg3 81. Rf5 1-0

[Event "December 5 Early 2023"]
[Site "https://www.chess.com"]
[Date "2023.12.05"]
[Round "4"]
[White "Starozhilov, Leonid"]
[Black "Paravyan, David"]
[Result "0-1"]
[Board "26"]
[TimeControl "180+1"]
[WhiteFideId "14106752"]
[BlackFideId "4194985"]
[WhiteElo "2766"]
[BlackElo "3001"]
[WhiteTeam "UKR"]
[BlackTeam "FID"]
[WhiteClock "0:00:02"]
[BlackClock "0:00:06"]

1. e4 e5 2. Nf3 Nf6 3. Nc3 Nc6 4. d4 exd4 5. Nxd4 Bb4 6. Nxc6 bxc6 7. Bd3 O-O 8. O-O d5 9. exd5 cxd5 10. h3 Bb7 11. Qf3 Rb8 12. Bg5 Be7 13. Qg3 d4 14. Bxf6 Bxf6 15. Ne4 Bxe4 16. Bxe4 Rxb2 17. Qa3 Qb8 18. Bd3 g6 19. Rae1 Kg7 20. Re4 Rb1 21. Rxb1 Qxb1+ 22. Kh2 Qb6 23. Qb3 Rd8 24. g3 h5 25. h4 a5 26. Kg2 Qc6 27. Qc4 Qxc4 28. Bxc4 Rb8 29. Bb3 c5 30. Re1 Rb4 31. a3 Rb6 32. Bc4 Rb2 33. Bd3 Ra2 34. Rb1 Rxa3 35. Rb7 Rc3 36. Be4 Kf8 37. Bd5 Be7 38. Rb8+ Kg7 39. Rb7 Kf6 40. Rb6+ Ke5 41. Bxf7 Bd6 42. Bxg6 a4 43. f4+ Ke6 44. f5+ Ke5 45. f6 a3 46. f7 Bf8 47. Rb8 Kf6 48. Bd3 Kxf7 49. Ra8 c4 50. Be4 Bc5 51. Kf1 Rxg3 52. Bd5+ Kf6 53. Bxc4 Rh3 54. Bd3 Rxh4 55. Ra5 Bd6 56. Rf5+ Ke7 57. Ra5 Rh2 58. Kg1 h4 59. Ra7+ Ke6 60. Ra6 Rd2 61. Kf1 h3 62. Kg1 h2+ 0-1

[Event "December 5 Early 2023"]
[Site "https://www.chess.com"]
[Date "2023.12.05"]
[Round "4"]
[White "Wagner, Dennis"]
[Black "Makarian, Rudik"]
[Result "1/2-1/2"]
[Board "27"]
[TimeControl "180+1"]
[WhiteFideId "24650684"]
[BlackFideId "44105681"]
[WhiteElo "2760"]
[BlackElo "2995"]
[WhiteTeam "GER"]
[BlackTeam "FID"]
[WhiteClock "0:00:03"]
[BlackClock "0:00:05"]

1. e4 c5 2. Nf3 d6 3. Bb5+ Nd7 4. O-O a6 5. Bxd7+ Bxd7 6. c3 Nf6 7. Re1 Bc6 8. d4 Bxe4 9. Bg5 d5 10. Nbd2 Bxf3 11. Qxf3 e6 12. Bxf6 gxf6 13. dxc5 Bxc5 14. Nb3 Be7 15. Rad1 Qc7 16. Qh5 e5 17. Rxd5 Rd8 18. Rxd8+ Qxd8 19. Rd1 Qc8 20. Nd2 O-O 21. Ne4 Rd8 22. Rxd8+ Qxd8 23. Qg4+ Kh8 24. h3 Qd5 25. b3 Qe6 26. Ng3 Qxg4 27. hxg4 Kg8 28. Nf5 Ba3 29. Kf1 Kf8 30. Ke2 Ke8 31. Kd3 Kd7 32. Kc4 Kc6 33. f3 b5+ 34. Kd3 Kd5 35. Ne3+ Ke6 36. c4 bxc4+ 37. Kxc4 Bc1 38. Nf5 Bd2 39. b4 e4 40. a4 exf3 41. gxf3 Ke5 42. b5 axb5+ 43. axb5 Ba5 44. Kc5 Kf4 45. Nd4 f5 46. Nxf5 Kxf3 47. Nh6 f6 48. Kd5 Kf4 49. Ke6 Kg5 50. Ng8 Bd8 51. Kf7 Kxg4 52. Nxf6+ Kf4 53. Nxh7 Ke5 54. Ke8 Kd6 55. Kxd8 Kc5 56. b6 Kxb6 1/2-1/2

[Event "December 5 Early 2023"]
[Site "https://www.chess.com"]
[Date "2023.12.05"]
[Round "4"]
[White "Martinez Alcantara, Jose Eduardo"]
[Black "Zou, Chen"]
[Result "1-0"]
[Board "28"]
[TimeControl "180+1"]
[WhiteFideId "3805662"]
[BlackFideId "8610959"]
[WhiteElo "2985"]
[BlackElo "2738"]
[WhiteTeam "PER"]
[BlackTeam "CHN"]
[WhiteClock "0:01:37"]
[BlackClock "0:00:10"]

1. e4 c5 2. Nf3 d6 3. c3 Nf6 4. h3 g6 5. Bd3 Bg7 6. Bc2 O-O 7. O-O Nc6 8. d4 cxd4 9. cxd4 e5 10. d5 Nb4 11. Nc3 Nxc2 12. Qxc2 Bd7 13. a4 Qa5 14. Qb3 Qa6 15. Be3 Rfc8 16. Nd2 Ne8 17. Nb5 Nc7 18. Nc3 b6 19. Rfc1 Bf8 20. f4 Ne8 21. Nf3 exf4 22. Bxf4 Bg7 23. e5 Qc4 24. Qxc4 Rxc4 25. Bg3 Rac8 26. Re1 dxe5 27. Nxe5 Bxe5 28. Rxe5 Bf5 29. Rae1 Nf6 30. Re7 Rxc3 31. bxc3 Nxd5 32. Re8+ Rxe8 33. Rxe8+ Kg7 34. Ra8 Nxc3 35. Be5+ f6 36. Bxc3 Bd3 37. Rxa7+ 1-0

[Event "December 5 Early 2023"]
[Site "https://www.chess.com"]
[Date "2023.12.05"]
[Round "4"]
[White "Krysa, Leandro"]
[Black "Henriquez Villagra, Cristobal"]
[Result "0-1"]
[Board "29"]
[TimeControl "180+1"]
[WhiteFideId "116807"]
[BlackFideId "3409350"]
[WhiteElo "2720"]
[BlackElo "2955"]
[WhiteTeam "ARG"]
[BlackTeam "CHI"]
[WhiteClock "0:00:03"]
[BlackClock "0:00:12"]

1. e4 d6 2. d4 Nf6 3. Nc3 e5 4. Nf3 Nbd7 5. Bc4 Be7 6. O-O O-O 7. a4 c6 8. Ba2 h6 9. Re1 Re8 10. h3 Bf8 11. Be3 Qc7 12. dxe5 dxe5 13. Nh4 Nc5 14. Qf3 Nh7 15. Nf5 Kh8 16. Rad1 Ne6 17. h4 h5 18. Qxh5 g6 19. Qf3 gxf5 20. exf5 Ng7 21. f6 Nf5 22. Bg5 Bb4 23. Qh5 Be6 24. Bxe6 Rxe6 25. Rd3 Bxc3 26. Rxc3 e4 27. Rc5 Nd6 28. Rd1 Rg8 29. Rc3 Qa5 30. Rg3 Qf5 31. Kh2 Qg6 32. Qxg6 Rxg6 33. Bf4 Rxg3 34. Bxg3 Ne8 35. Rd7 Kg8 36. Rxb7 a6 37. Rb6 c5 38. Rb7 Nhxf6 39. Rc7 e3 40. fxe3 Rxe3 41. Bf4 Re4 42. Bg5 Rxa4 43. Rxc5 Kg7 44. Rc8 Re4 45. c3 Re6 46. Rb8 Nd6 47. Rb6 Nde4 48. Bxf6+ Kxf6 49. Rb7 Kg6 50. Kh3 f5 51. g3 Nf2+ 52. Kg2 Ng4 53. Kf3 Kf6 54. Kf4 Re4+ 55. Kf3 Re3+ 56. Kf4 Re6 57. Rb8 Re4+ 58. Kf3 Ne5+ 59. Kf2 Nd3+ 60. Kf3 Re6 61. h5 Kg5 62. Rd8 Ne5+ 63. Kf2 Kxh5 64. Rd4 Kg5 65. Ra4 Nd3+ 66. Kf3 Nxb2 67. Ra5 Nd3 68. c4 Ne5+ 69. Kg2 Nxc4 70. Rc5 Ne3+ 71. Kh3 Rh6# 0-1

[Event "December 5 Early 2023"]
[Site "https://www.chess.com"]
[Date "2023.12.05"]
[Round "4"]
[White "Williams, Simon K"]
[Black "Kamsky, Gata"]
[Result "1/2-1/2"]
[Board "30"]
[TimeControl "180+1"]
[WhiteFideId "404454"]
[BlackFideId "2000024"]
[WhiteElo "2704"]
[BlackElo "2937"]
[WhiteTeam "ENG"]
[BlackTeam "USA"]
[WhiteClock "0:00:39"]
[BlackClock "0:00:47"]

1. d4 d5 2. c4 c6 3. cxd5 cxd5 4. Nc3 Nf6 5. f3 Nc6 6. e4 dxe4 7. d5 Ne5 8. fxe4 e6 9. Nf3 Nxf3+ 10. Qxf3 Bd6 11. Bb5+ Bd7 12. Bxd7+ Qxd7 13. O-O O-O 14. Bg5 Be5 15. Rad1 h6 16. Bf4 Qd6 17. Bxe5 Qxe5 18. Qf4 Qxf4 19. Rxf4 Rad8 20. Rff1 exd5 21. exd5 Ne8 22. Rfe1 Nd6 23. Re7 Rfe8 24. Rde1 Kf8 25. Rxe8+ Rxe8 26. Rxe8+ Kxe8 27. Kf2 Kd7 28. b3 a6 29. Ke3 b6 30. g4 f5 31. gxf5 Nxf5+ 32. Ke4 Nd6+ 33. Ke5 Ke7 34. h4 g6 35. a4 Nf7+ 36. Kd4 Nd6 37. Ke5 Nf7+ 38. Kd4 Nd6 39. Ke5 1/2-1/2

[Event "December 5 Early 2023"]
[Site "https://www.chess.com"]
[Date "2023.12.05"]
[Round "4"]
[White "Poormosavi, Seyed Kian"]
[Black "Nguyen, Ngoc Truong Son"]
[Result "0-1"]
[Board "31"]
[TimeControl "180+1"]
[WhiteFideId "12585807"]
[BlackFideId "12401110"]
[WhiteElo "2693"]
[BlackElo "2933"]
[WhiteTeam "IRI"]
[BlackTeam "VIE"]
[WhiteClock "0:00:03"]
[BlackClock "0:01:20"]

1. Nf3 c6 2. g3 d5 3. Bg2 g6 4. O-O Bg7 5. d4 Nf6 6. c3 O-O 7. a4 Bf5 8. Nbd2 a5 9. Re1 Nbd7 10. Nh4 Be6 11. e4 dxe4 12. Nxe4 Nxe4 13. Bxe4 Bd5 14. Bxd5 cxd5 15. Qb3 Nb6 16. Nf3 e6 17. Bf4 Re8 18. h4 h6 19. Kg2 Re7 20. Re2 Nc4 21. Ne5 Bxe5 22. Bxe5 Rd7 23. Bf4 Kg7 24. Qb5 Ra6 25. Qb3 Rb6 26. Qa2 g5 27. hxg5 hxg5 28. Bc1 Rc6 29. b3 Nd6 30. Bd2 Ne4 31. Rc1 g4 32. Be1 Qf6 33. Re3 Qh6 34. Qe2 f5 35. Qf1 e5 36. Rd1 Kg8 37. Qh1 Qxh1+ 38. Kxh1 Rh7+ 39. Kg2 f4 40. Rxe4 f3+ 41. Kg1 dxe4 42. dxe5 Rch6 43. Rd8+ Kf7 44. Rd7+ Ke6 45. Rxh7 Rxh7 46. c4 Rd7 0-1

[Event "December 5 Early 2023"]
[Site "https://www.chess.com"]
[Date "2023.12.05"]
[Round "4"]
[White "Movahed, Sina"]
[Black "Makhnev, Denis"]
[Result "1-0"]
[Board "32"]
[TimeControl "180+1"]
[WhiteFideId "42520835"]
[BlackFideId "13707647"]
[WhiteElo "2919"]
[BlackElo "2685"]
[WhiteTeam "IRI"]
[BlackTeam "KAZ"]
[WhiteClock "0:00:56"]
[BlackClock "0:00:18"]

1. Nf3 Nf6 2. c4 c6 3. g3 d5 4. Bg2 dxc4 5. O-O b5 6. b3 cxb3 7. Qxb3 e6 8. a4 b4 9. Ne5 Bb7 10. a5 a6 11. Bb2 Be7 12. d3 O-O 13. Nd2 Qc7 14. f4 c5 15. f5 Bxg2 16. Kxg2 exf5 17. Rxf5 Nc6 18. Ndc4 Rad8 19. Nxc6 Qxc6+ 20. Rf3 Qe6 21. e4 Nd7 22. Raf1 Bf6 23. Bxf6 Nxf6 24. Rf5 Nd7 25. R1f3 g6 26. Rd5 Qc6 27. Rd6 Qc7 28. Rxa6 Ne5 29. Nxe5 Qxe5 30. Raf6 Rd7 31. a6 Qc3 32. Qxc3 bxc3 33. Rc6 Rfd8 34. Rxc5 Rxd3 35. Rxd3 Rxd3 36. Rc8+ Kg7 37. a7 1-0

[Event "December 5 Early 2023"]
[Site "https://www.chess.com"]
[Date "2023.12.05"]
[Round "4"]
[White "Kovalenko, Igor"]
[Black "Prohaszka, Peter"]
[Result "1-0"]
[Board "33"]
[TimeControl "180+1"]
[WhiteFideId "14117908"]
[BlackFideId "726265"]
[WhiteElo "2914"]
[BlackElo "2662"]
[WhiteTeam "UKR"]
[BlackTeam "HUN"]
[WhiteClock "0:00:11"]
[BlackClock "0:00:00"]

1. c4 e5 2. Nc3 Nf6 3. Nf3 Nc6 4. g3 Bb4 5. Nd5 Bc5 6. Bg2 O-O 7. b4 Nxb4 8. Nxb4 Bxb4 9. Nxe5 Re8 10. Nd3 Bf8 11. Bb2 Ne4 12. O-O b6 13. Nf4 Bb7 14. d3 Nc5 15. e4 Ne6 16. Nh5 c5 17. f4 Nd4 18. Bxd4 cxd4 19. g4 Qh4 20. Qf3 g6 21. Ng3 Bg7 22. a4 Bc6 23. Rf2 Rf8 24. Qe2 Rae8 25. a5 b5 26. cxb5 Bxb5 27. a6 Re6 28. e5 Rxa6 29. Rb1 Bc6 30. Bxc6 dxc6 31. Ne4 Ra3 32. Qf3 h5 33. g5 Qg4+ 34. Qxg4 hxg4 35. Rd2 Rc8 36. Rc1 Bf8 37. Nf2 c5 38. Nxg4 c4 39. Rxc4 Rxc4 40. dxc4 Rc3 41. Kg2 Rxc4 42. Kf3 a5 43. Nf6+ Kg7 44. Nd7 Bb4 45. Rd3 Rc3 46. Ke4 Rxd3 47. Kxd3 a4 48. e6 fxe6 49. Ne5 a3 50. Kc2 Bc3 51. Kb3 Bb2 52. Nd3 Kf7 53. h4 Ke7 54. Nxb2 axb2 55. Kxb2 e5 56. fxe5 Ke6 57. Kc2 Kxe5 58. Kd3 Kf4 59. Kxd4 1-0

[Event "December 5 Early 2023"]
[Site "https://www.chess.com"]
[Date "2023.12.05"]
[Round "4"]
[White "Demchenko, Anton"]
[Black "Shyam, Sundar M."]
[Result "1-0"]
[Board "34"]
[TimeControl "180+1"]
[WhiteFideId "4160258"]
[BlackFideId "5019141"]
[WhiteElo "2909"]
[BlackElo "2667"]
[WhiteTeam "SLO"]
[BlackTeam "IND"]
[WhiteClock "0:00:04"]
[BlackClock "0:00:01"]

1. e4 e5 2. Nf3 Nc6 3. Bc4 Bc5 4. d3 d6 5. c3 Nf6 6. Bg5 h6 7. Bh4 a6 8. Nbd2 Ba7 9. O-O g5 10. Bg3 Qe7 11. Kh1 Bd7 12. a4 Rg8 13. b4 h5 14. h4 Nh7 15. b5 Nd8 16. bxa6 bxa6 17. Bd5 c6 18. Bb3 Ne6 19. d4 Nf4 20. dxe5 dxe5 21. Nc4 Bb8 22. Nb6 Ra7 23. Nxd7 Rxd7 24. Qc2 Nxg2 25. Nxg5 Nxg5 26. Kxg2 Ne6 27. Bxe6 Qxe6 28. Rfd1 Bd6 29. Qe2 Be7 30. Rxd7 Qxd7 31. Rd1 Qg4 32. Qxg4 Rxg4 33. Kf3 Bxh4 34. Bxe5 Be7 35. Rb1 Rg5 36. Rb8+ Kd7 37. Rb7+ Ke6 38. Bd4 Ra5 39. Rb6 Rxa4 40. Rxc6+ Kd7 41. Rh6 h4 42. Ke2 Ra2+ 43. Kd3 a5 44. Rh7 Ke6 45. f4 Bf6 46. f5+ Ke7 47. e5 Bg5 48. e6 Rd2+ 49. Kc4 Kd6 50. Rxf7 h3 51. Rd7+ Kc6 52. Rh7 h2 53. f6 Kd6 54. e7 Kd7 55. f7 h1=Q 56. e8=Q+ Kc7 57. Rxh1 1-0

[Event "December 5 Early 2023"]
[Site "https://www.chess.com"]
[Date "2023.12.05"]
[Round "4"]
[White "Bardyk, Artem"]
[Black "Feuerstack, Aljoscha"]
[Result "1-0"]
[Board "35"]
[TimeControl "180+1"]
[WhiteFideId "34349979"]
[BlackFideId "4681932"]
[WhiteElo "2874"]
[BlackElo "2660"]
[WhiteTeam "RUS"]
[BlackTeam "GER"]
[WhiteClock "0:00:04"]
[BlackClock "0:00:06"]

1. e4 c6 2. Nf3 d5 3. d3 g6 4. e5 Bg7 5. d4 Bg4 6. Nbd2 c5 7. dxc5 Nc6 8. h3 Bxf3 9. Nxf3 e6 10. c3 Nxe5 11. Nxe5 Bxe5 12. Bb5+ Kf8 13. O-O Kg7 14. Re1 Bf6 15. Be3 Qc7 16. Qf3 h5 17. h4 Ne7 18. Rad1 Nf5 19. g3 Rac8 20. b4 a6 21. Bf4 e5 22. Rxd5 exf4 23. Rd7 Qb8 24. Rxb7 axb5 25. Rxb8 Rxb8 26. Qxf4 Bxc3 27. Rc1 Bf6 28. c6 Nd4 29. Kf1 Rhe8 30. Rd1 Ne6 31. Qc1 Rec8 32. Rd7 Rb6 33. c7 Rb7 34. Qc6 Rcxc7 35. Qxb7 Rxb7 36. Rxb7 Nd4 37. Ra7 Kf8 38. a4 bxa4 39. Rxa4 Be7 40. Ra8+ Kg7 41. Rb8 Nc6 42. Rb7 Kf8 43. b5 Na5 44. Ra7 Nc4 45. Ra8+ Kg7 46. Ra6 Bd8 47. Rc6 Nb6 48. Ke2 Kf8 49. Kd3 Ke8 50. Ke4 Kd7 51. Rc1 Bc7 52. Kf3 Nd5 53. g4 hxg4+ 54. Kxg4 Nf6+ 55. Kf3 Bb6 56. Rc6 Nd5 57. Ke4 Nc7 58. Rxb6 1-0

[Event "December 5 Early 2023"]
[Site "https://www.chess.com"]
[Date "2023.12.05"]
[Round "4"]
[White "Kazakouski, Valery"]
[Black "Dyachuk, Artem"]
[Result "0-1"]
[Board "36"]
[TimeControl "180+1"]
[WhiteFideId "13507443"]
[BlackFideId "34107924"]
[WhiteElo "2873"]
[BlackElo "2579"]
[WhiteTeam "LTU"]
[BlackTeam "UKR"]
[WhiteClock "0:00:00"]
[BlackClock "0:00:10"]

1. e4 e5 2. Nf3 Nc6 3. Bc4 Nf6 4. d3 h6 5. c3 d6 6. a4 g6 7. a5 Bg7 8. h3 O-O 9. O-O d5 10. exd5 Nxd5 11. Qb3 Nde7 12. Nbd2 Rb8 13. Qa2 b5 14. axb6 axb6 15. Ne4 Bb7 16. b4 Ra8 17. Qb1 Kh7 18. Ba3 Nd5 19. b5 Nce7 20. Qb3 f5 21. Neg5+ hxg5 22. Nxg5+ Kh8 23. Ne6 Qd7 24. Bxe7 Nxe7 25. Nxf8 Rxf8 26. Ra7 Qc8 27. Rfa1 e4 28. d4 f4 29. Qb4 Bf6 30. Qb3 e3 31. fxe3 f3 32. Be6 Qb8 33. d5 c5 34. bxc6 Qg3 35. Qc2 Be5 36. Rxb7 Qh2+ 0-1

[Event "December 5 Early 2023"]
[Site "https://www.chess.com"]
[Date "2023.12.05"]
[Round "4"]
[White "Novoselov, Roman"]
[Black "Popov, Konstantin"]
[Result "0-1"]
[Board "37"]
[TimeControl "180+1"]
[WhiteFideId "4135067"]
[BlackFideId "34137910"]
[WhiteElo "2573"]
[BlackElo "2868"]
[WhiteTeam "RUS"]
[BlackTeam "FID"]
[WhiteClock "0:00:15"]
[BlackClock "0:01:50"]

1. d4 Nf6 2. Nc3 d5 3. Bf4 Bf5 4. e3 c5 5. Bd3 Bxd3 6. Qxd3 Nc6 7. Nge2 e6 8. O-O Be7 9. Rfd1 O-O 10. e4 Nb4 11. Qd2 Nxe4 12. Nxe4 dxe4 13. Be3 Qc7 14. dxc5 Bxc5 15. a3 Bxe3 16. Qxb4 Qxc2 17. Qe1 Bb6 18. Rd2 Qb3 19. Nc3 e3 20. fxe3 Rac8 21. Qg3 Ba5 22. Rad1 Bxc3 23. bxc3 Qxc3 24. Rd7 Qxa3 25. h4 Rc1 26. h5 h6 27. Kh2 Rxd1 28. Rxd1 Qc5 0-1

[Event "December 5 Early 2023"]
[Site "https://www.chess.com"]
[Date "2023.12.05"]
[Round "4"]
[White "Bachmann, Axel"]
[Black "Spichkin, Alexander"]
[Result "1-0"]
[Board "38"]
[TimeControl "180+1"]
[WhiteFideId "3700488"]
[BlackFideId "4144074"]
[WhiteElo "2846"]
[BlackElo "2376"]
[WhiteTeam "PAR"]
[BlackTeam "RUS"]
[WhiteClock "0:02:07"]
[BlackClock "0:01:59"]

1. e4 e5 2. Nf3 d5 3. exd5 e4 4. Ne5 Qxd5 5. d4 exd3 6. Nxd3 Nc6 7. Nc3 Bb4 8. Bd2 Bxc3 9. Bxc3 Nf6 10. Nf4 Qf5 11. Qf3 Bd7 12. Bd3 Ne5 13. Qe3 Qe6 1-0

[Event "December 5 Early 2023"]
[Site "https://www.chess.com"]
[Date "2023.12.05"]
[Round "4"]
[White "Goldin, Alexander"]
[Black "So, Wesley"]
[Result "0-1"]
[Board "39"]
[TimeControl "180+1"]
[WhiteFideId "2019540"]
[BlackFideId "5202213"]
[WhiteElo "2604"]
[BlackElo "3044"]
[WhiteTeam "USA"]
[BlackTeam "USA"]
[WhiteClock "0:00:12"]
[BlackClock "0:00:06"]

1. Nf3 c5 2. e3 g6 3. d4 Bg7 4. b3 cxd4 5. exd4 Nf6 6. Bb2 O-O 7. Bd3 Nc6 8. O-O d5 9. Re1 Bg4 10. Nbd2 Nb4 11. Nf1 Rc8 12. c3 Nxd3 13. Qxd3 Bf5 14. Qe2 Ne4 15. Ng3 e6 16. Nxf5 exf5 17. Qd3 Re8 18. c4 dxc4 19. bxc4 Qb6 20. Qb3 Qc7 21. Rac1 b6 22. Red1 h5 23. a4 g5 24. a5 bxa5 25. Ba3 g4 26. Ne5 Bxe5 27. dxe5 Qxe5 28. Rd5 Qf4 29. Qe3 Qxe3 30. fxe3 a4 31. Rxf5 Red8 32. Rxh5 Rxc4 33. Rf1 Rc2 34. Bb4 Rb2 35. Ba5 Rc8 36. Rh4 f5 37. Rxf5 Rc1+ 38. Rf1 Rxf1+ 39. Kxf1 a3 40. Rxg4+ Kf7 41. Rf4+ Kg6 42. Rxe4 a2 43. Ra4 Rb1+ 44. Kf2 a1=Q 45. Rxa1 Rxa1 46. Bc3 Ra3 47. Bd4 a5 48. g4 a4 49. h4 Rd3 50. h5+ Kh6 51. Be5 a3 52. Ke2 Rd5 53. Bc3 a2 54. Kf3 Rc5 55. Bd4 Rc4 56. Be5 Kg5 57. e4 Rc5 58. Bf4+ Kf6 59. g5+ Kf7 60. g6+ Kg7 61. Be3 Rc3 62. Kf4 Rxe3 0-1

[Event "December 5 Early 2023"]
[Site "https://www.chess.com"]
[Date "2023.12.05"]
[Round "4"]
[White "Praggnanandhaa R"]
[Black "Guliev, Logman"]
[Result "0-1"]
[Board "40"]
[TimeControl "180+1"]
[WhiteFideId "25059530"]
[BlackFideId "13400061"]
[WhiteElo "3007"]
[BlackElo "2602"]
[WhiteTeam "IND"]
[BlackTeam "AZE"]
[WhiteClock "0:00:00"]
[BlackClock "0:00:03"]

1. Nf3 Nf6 2. g3 g6 3. d4 Bg7 4. c4 O-O 5. Bg2 d6 6. O-O Nc6 7. Nc3 a6 8. b3 Rb8 9. Bf4 Bd7 10. Rc1 b5 11. c5 b4 12. Na4 Nd5 13. Bd2 Nf6 14. Bf4 d5 15. Nb2 Ne4 16. Qd3 Qc8 17. Qe3 Nxd4 18. Nxd4 e5 19. Bxe5 Bxe5 20. Bxe4 dxe4 21. Qxe4 Bg7 22. e3 Re8 23. Qd3 Bh3 24. Rfe1 Ra8 25. Nc4 a5 26. Rcd1 Qb7 27. c6 Qa6 28. Nb2 Bxd4 29. Qxa6 Rxa6 30. Rxd4 Rxc6 31. Nc4 Ra8 32. g4 a4 33. f3 axb3 34. axb3 Ra2 35. Nd2 Rcc2 36. Rd1 h5 37. gxh5 gxh5 38. Kf2 c5 39. Rd8+ Kh7 40. Kg3 Be6 41. Kf4 h4 42. Ne4 Rxh2 43. Nf6+ Kg7 44. Ke5 Rhg2 45. Rg8+ Kh6 46. Rh8+ Kg7 47. Rdd8 Rg5+ 48. Kd6 Kxf6 49. e4 Rd2+ 0-1

[Event "December 5 Early 2023"]
[Site "https://www.chess.com"]
[Date "2023.12.05"]
[Round "4"]
[White "Galchenko, Matvey"]
[Black "Jaiveer Mahendru"]
[Result "1-0"]
[Board "41"]
[TimeControl "180+1"]
[WhiteFideId "24175480"]
[BlackFideId "25611151"]
[WhiteElo "2950"]
[BlackElo "2602"]
[WhiteTeam "FID"]
[BlackTeam "IND"]
[WhiteClock "0:00:05"]
[BlackClock "0:00:01"]

1. e4 c5 2. c3 d5 3. exd5 Qxd5 4. d4 Nf6 5. Nf3 e6 6. Na3 Nc6 7. Be3 cxd4 8. Nb5 Qd8 9. Nbxd4 Nxd4 10. Bxd4 Be7 11. Bd3 O-O 12. Qe2 Qa5 13. Ne5 Bc5 14. Nc4 Qc7 15. Be5 Qe7 16. b4 b5 17. Nd2 Bd6 18. Bxf6 Qxf6 19. Qe4 Qe5 20. Nf3 Qxe4+ 21. Bxe4 Rb8 22. a4 a6 23. Nd4 Bb7 24. Bxb7 Rxb7 25. axb5 axb5 26. Ra5 Rfb8 27. Ke2 Bc7 28. Ra2 Kf8 29. Rd1 Ke8 30. Ra6 Rb6 31. Ra7 R8b7 32. Ra2 Be5 33. Ra8+ Ke7 34. Rc8 Bxd4 35. Rxd4 h6 36. Rc5 Rd7 37. Rxd7+ Kxd7 38. Ke3 Kd6 39. f4 f6 40. Kd4 Kd7 41. g4 Rd6+ 42. Ke4 Rc6 43. Rxb5 Rxc3 44. Rb7+ Kd6 45. Rxg7 Rc4+ 46. Kf3 Rxb4 47. Rg6 Rb3+ 48. Kg2 Rb2+ 49. Kg3 Rb3+ 50. Kh4 Ke7 51. Rxh6 Rb4 52. Kg3 Rb3+ 53. Kg2 Rb2+ 54. Kf3 Rb3+ 55. Kf2 Rb2+ 56. Ke3 Rb3+ 57. Ke2 Rb2+ 58. Kd3 Rb3+ 59. Kd4 Rb4+ 60. Ke3 Rb3+ 61. Ke2 Rb4 62. g5 Rxf4 63. g6 Rg4 64. h4 f5 65. h5 Kf6 66. Rh7 e5 67. Rf7+ Ke6 68. Kf2 e4 69. Rf8 Ke7 70. Rf7+ Ke6 71. Ra7 f4 72. Ra6+ Kf5 73. Ra5+ Kf6 74. Rc5 f3 75. Ke3 Rg2 76. Kxe4 f2 77. Rf5+ Kg7 78. Ke3 Kh6 79. Rxf2 Rg3+ 80. Rf3 Rg5 81. Rh3 Re5+ 82. Kf4 Re7 83. Kf5 Ra7 84. Re3 Ra5+ 85. Re5 Ra7 86. Kf6 Ra6+ 87. Re6 Ra7 88. Re7 Ra6+ 89. Kf7 Ra1 90. g7 Rf1+ 91. Ke8 Kh7 92. Rf7 Ra1 93. h6 Kg8 94. Rf8+ Kh7 95. Rh8+ Kg6 96. g8=Q+ 1-0

[Event "December 5 Early 2023"]
[Site "https://www.chess.com"]
[Date "2023.12.05"]
[Round "4"]
[White "Drygalov, Sergey"]
[Black "Kim, Sergey"]
[Result "1-0"]
[Board "42"]
[TimeControl "180+1"]
[WhiteFideId "24171743"]
[BlackFideId "13700570"]
[WhiteElo "2945"]
[BlackElo "2602"]
[WhiteTeam "RUS"]
[BlackTeam "KAZ"]
[WhiteClock "0:00:29"]
[BlackClock "0:00:04"]

1. d4 Nf6 2. c4 g6 3. Nc3 Bg7 4. e4 d6 5. Nf3 O-O 6. Be2 e5 7. O-O exd4 8. Nxd4 Re8 9. f3 Nbd7 10. Kh1 c6 11. Bf4 Ne5 12. Qd2 a5 13. Rad1 a4 14. Bh6 Bh8 15. Bg5 Qa5 16. Nc2 Re6 17. f4 Ned7 18. f5 Re8 19. Qxd6 Nxe4 20. Nxe4 Rxe4 21. fxg6 hxg6 22. Bf3 Re6 23. Qg3 Re8 24. h4 Ne5 25. Be2 Be6 26. h5 Bg7 27. Bf6 Bxf6 28. Rxf6 Kg7 29. Rdf1 Rh8 30. Nd4 Rae8 31. Qg5 b6 32. Nxe6+ Rxe6 33. Rxe6 fxe6 34. Qf6+ Kh7 35. Qe7+ Kh6 36. g4 Qd2 37. Qf6 Qxe2 38. Qxh8+ Kg5 39. Qf6+ Kh6 40. Qf4+ g5 41. Qf8+ Kh7 42. Qe7+ 1-0

[Event "December 5 Early 2023"]
[Site "https://www.chess.com"]
[Date "2023.12.05"]
[Round "4"]
[White "Maltsevskaya, Aleksandra"]
[Black "Khismatullin, Denis"]
[Result "0-1"]
[Board "43"]
[TimeControl "180+1"]
[WhiteFideId "24174041"]
[BlackFideId "4142578"]
[WhiteElo "2600"]
[BlackElo "2930"]
[WhiteTeam "POL"]
[BlackTeam "RUS"]
[WhiteClock "0:00:00"]
[BlackClock "0:00:32"]

1. Nf3 Nf6 2. g3 b5 3. Bg2 Bb7 4. O-O e6 5. d3 Be7 6. a4 b4 7. e4 O-O 8. Nbd2 d6 9. a5 c5 10. Nc4 Nbd7 11. a6 Bc6 12. Na5 Bb5 13. e5 dxe5 14. Nd2 Qc7 15. Bxa8 Rxa8 16. Qf3 Rb8 17. Ndc4 Nd5 18. Nb3 Bc6 19. Qe2 Ba8 20. Re1 Bf6 21. Nbd2 Qc6 22. Ne4 Be7 23. f3 Nc7 24. Kg2 Nb5 25. Be3 f5 26. Ned2 Bf6 27. Na5 Qxa6 28. Ndb3 Nd4 29. Bxd4 cxd4 30. Nc4 Qb7 31. Ra5 g5 32. h3 h5 33. Kf2 g4 34. hxg4 hxg4 35. Nc5 Nxc5 36. Rxc5 Qh7 37. Kg1 Bxf3 38. Qh2 Qxh2+ 39. Kxh2 e4 40. Nd6 e3 41. Rc8+ Rxc8 42. Nxc8 Bg5 43. Nxa7 e2 44. Nc6 e5 45. Nxe5 Bd2 0-1

[Event "December 5 Early 2023"]
[Site "https://www.chess.com"]
[Date "2023.12.05"]
[Round "4"]
[White "Stoleriu, George"]
[Black "Grigoriants, Sergey"]
[Result "0-1"]
[Board "44"]
[TimeControl "180+1"]
[WhiteFideId "1227505"]
[BlackFideId "4130804"]
[WhiteElo "2599"]
[BlackElo "2929"]
[WhiteTeam "ROU"]
[BlackTeam "HUN"]
[WhiteClock "0:00:04"]
[BlackClock "0:00:08"]

1. e4 e6 2. d4 d5 3. exd5 exd5 4. Nf3 Bd6 5. Bd3 Ne7 6. O-O O-O 7. h3 Bf5 8. Re1 Nbc6 9. c3 Qd7 10. Ne5 Nxe5 11. dxe5 Bc5 12. Be3 Bb6 13. a4 Rae8 14. Bxb6 axb6 15. a5 bxa5 16. Rxa5 c6 17. c4 dxc4 18. Bxc4 Qxd1 19. Rxd1 Ng6 20. Nc3 Nxe5 21. Bf1 Bc8 22. f4 Ng6 23. g3 Rd8 24. Rxd8 Rxd8 25. Ra8 Kf8 26. h4 Ke7 27. h5 Nf8 28. Ra1 Bg4 29. Re1+ Ne6 30. h6 gxh6 31. Ne4 Rd1 32. Re3 Bh3 33. Nc3 Ra1 34. Rf3 Nd4 35. Rf2 Nf5 36. Kh2 Bxf1 37. g4 Ne3 38. Kg3 Bc4 39. Ne4 Bd5 40. Nc5 Rg1+ 41. Kh2 Rh1+ 42. Kg3 Rg1+ 43. Kh2 Rxg4 44. f5 Kf6 45. Nd7+ Kg5 46. f6 Rf4 47. Re2 Ng4+ 48. Kg3 Nxf6 49. Nf8 Nh5+ 50. Kh2 Rh4+ 51. Kg1 Rh1+ 52. Kf2 Rh2+ 53. Ke3 Rxe2+ 54. Kxe2 Nf4+ 55. Ke3 Ne6 56. Nd7 h5 57. Ne5 f5 58. Nf7+ Kf6 59. Nd6 f4+ 60. Kf2 h4 61. Nxb7 h3 62. Kg1 Ng5 63. Nd6 Nf3+ 64. Kh1 Ke5 65. Ne8 Ng5+ 66. Kh2 f3 67. Kg3 f2 0-1